 Dungeon Sprint DCSS version 0.27-a0-1036-g8e1b44f6bd (webtiles) character file.

Game seed: 12177859703410579854

3283 mhtbhm the Scorcher (level 9, -3/45 HPs)
             Began as a Deep Elf Fire Elementalist on Apr 18, 2021.
             Was the Champion of Vehumet.
             Shot with an arrow by a deep elf archer (17 damage)
             ... in the Dungeon (Sprint V: "Ziggurat Sprint").
             The game lasted 00:05:43 (842 turns).

mhtbhm the Scorcher (Deep Elf Fire Elementalist)     Turns: 842, Time: 00:05:43

Health: -3/45      AC:  6    Str:  5    XL:     9   Next: 69%
Magic:  25/28      EV: 15    Int: 37    God:    Vehumet [******]
Gold:   0          SH:  0    Dex: 11    Spells: 13/34 levels left

rFire    + . .     SeeInvis .   C - +8 lance "Wyrmbane" {slay drac, rPois rF+ rC+ AC+3}
rCold    + . .     Faith    .   (no shield)
rNeg     . . .     Spirit   .   a - +0 robe
rPois    +         Reflect  .   (no helmet)
rElec    .         Harm     .   (no cloak)
rCorr    .         Rampage  .   (no gloves)
Will     +....     NoTele   +   t - +0 pair of boots {Fly}
Stlth    +++++.....             r - amulet of regeneration
HPRegen  1.15/turn              u - +6 ring of intelligence
MPRegen  0.21/turn              s - ring "Jiecsi" {Will+ Int+7 Dex-4 Slay+5 Stlth+}

@: flying
A: no striking features
a: Renounce Religion


You were in the Dungeon.
You worshipped Vehumet.
Vehumet was exalted by your worship.
You visited 1 branch

Inventory:

Hand Weapons
 C - the +8 lance "Wyrmbane" (weapon) {slay drac, rPois rF+ rC+ AC+3}
   (You found it in the Dungeon)

   It affects your AC (+3).
   It protects you from fire.
   It protects you from cold.
   It protects you from poison.
Missiles
 x - a throwing net
Armour
 a - a +0 robe (worn)
 t - a +0 pair of boots of flying (worn)
Jewellery
 r - an amulet of regeneration (around neck)
 s - the ring "Jiecsi" (right hand) {Will+ Int+7 Dex-4 Slay+5 Stlth+}
   (You found it in the Dungeon)

   [ring of willpower]

   It affects your intelligence (+7).
   It affects your dexterity (-4).
   It affects your accuracy and damage with ranged weapons and melee attacks
   (+5).
   It increases your willpower.
   It makes you more stealthy.
 u - a +6 ring of intelligence (left hand)
Wands
 y - a wand of mindburst (5)
 z - a wand of iceblast (1)
 A - a wand of acid (7)
Scrolls
 h - 4 scrolls of blinking
 m - 4 scrolls of amnesia
 n - 7 scrolls of fog
 o - a scroll of holy word
 p - 5 scrolls of identify
 q - 2 scrolls of fear
Potions
 b - 2 potions of brilliance
 c - 10 potions of curing
 d - 10 potions of heal wounds
 e - 6 potions of haste
 f - 7 potions of magic
 g - 3 potions of berserk rage
 i - 2 potions of invisibility
 j - 4 potions of resistance
 k - a potion of experience
 l - 5 potions of might
Miscellaneous
 v - a piece from Xom's chessboard (15/15)
 w - a piece from Xom's chessboard (15/15)
 B - a lightning rod (4/4)
 E - a condenser vane (inert)


   Skills:
 + Level 0.4 Polearms
 + Level 8.8 Dodging
 + Level 9.0 Stealth
 + Level 13.3 Spellcasting
 + Level 5.8 Conjurations
 + Level 16.3 Fire Magic
 + Level 7.1 Evocations


You had 13 spell levels left.
You knew the following spells:

 Your Spells              Type           Power      Damage    Failure   Level
a - Foxfire               Conj/Fire      100%       2x1d9     0%          1
b - Conjure Flame         Conj/Fire      82%        6-21      1%          3
c - Inner Flame           Hex/Fire       71%        N/A       1%          3
d - Sticky Flame          Conj/Fire      82%        2d9       1%          4
e - Fireball              Conj/Fire      41%        3d17      1%          5
f - Lee's Rapid Deconstr  Erth           12%        3d9*      11%         5

Your spell library contained the following spells:

 Spells                   Type           Power      Damage    Failure   Level
 Iskenderun's Mystic Bla  Conj/Tloc      46%        2d10      1%          4
 Animate Skeleton         Necr           48%        N/A       1%          1
 Apportation              Tloc           48%        N/A       1%          1
 Corona                   Hex            26%        N/A       1%          1
 Summon Small Mammal      Summ           96%        N/A       1%          1
 Dazzling Flash           Conj/Hex       92%        N/A       1%          3
 Mephitic Cloud           Conj/Pois/Air  39%        N/A       1%          3
 Bolt of Magma            Conj/Fire/Erth 34%        4d15      1%          5
 Starburst                Conj/Fire      41%        8x6d12    1%          6
 Ensorcelled Hibernation  Hex/Ice        48%        N/A       2%          2
 Passwall                 Tmut/Erth      20%        N/A       2%          2
 Poisonous Vapours        Pois/Air       48%        N/A       2%          2
 Confusing Touch          Hex            24%        N/A       4%          3
 Lesser Beckoning         Tloc           12%        N/A       4%          3
 Swiftness                Air            24%        N/A       4%          3
 Tukima's Dance           Hex            24%        N/A       4%          3
 Animate Dead             Necr           12%        N/A       16%         4
 Dispel Undead            Necr           24%        3d12      16%         4
 Passage of Golubria      Tloc           N/A        N/A       16%         4
 Freezing Cloud           Conj/Ice/Air   19%        6-21      26%         6
 Alistair's Intoxication  Tmut/Pois      16%        N/A       38%         5
 Invisibility             Hex            24%        N/A       93%         6


Dungeon Overview and Level Annotations

Branches:
Dungeon (1/1)

Altars:
Ashenzari
Cheibriados
Dithmenos
Elyvilon
Fedhas
Gozag
Hepliaklqana
Kikubaaqudgha
Makhleb
Nemelex Xobeh
Okawaru
Qazlal
Ru
Sif Muna
Trog
Uskayaw
Vehumet
Wu Jian
Xom
Yredelemnul
Zin
The Shining One
Beogh
Jiyva
Lugonu


Message History

The fireball engulfs the deep elf zephyrmancer!!!
You kill the deep elf zephyrmancer!
Vehumet accepts your kill.
You feel your power returning.
The fireball engulfs the deep elf pyromancer!!!
You kill the deep elf pyromancer!
Vehumet accepts your kill.
You feel your power returning.
The fireball engulfs the deep elf archer!!
The deep elf archer is heavily wounded.
The deep elf archer shouts!
The deep elf knight unwields the +4 rapier of Valuable Assets {vorpal, *Noise rF+ Int+2 Dex+2}.
The deep elf knight wields a +0 shortbow.
The deep elf knight shoots an arrow.
The arrow hits you.
The deep elf zephyrmancer mumbles some strange words.
The deep elf zephyrmancer blinks!
The deep elf archer gestures at you while chanting.
You resist with almost no effort.
The deep elf archer gestures at you while chanting.
You resist with almost no effort.
Your condenser vane has recharged.
Your Stealth skill increases to level 9!
Your Spellcasting skill increases to level 13!
Your Fire Magic skill increases to level 16!
Your Evocations skill increases to level 7!
Unknown command.
There's nothing to close nearby.
Clouds of flame condense around you!
The condenser dries out!
The deep elf knight is engulfed in blazing flames.
The deep elf zephyrmancer is engulfed in blazing flames. x2
The deep elf archer is engulfed in blazing flames.
The deep elf archer wields a +0 shortbow.
The deep elf archer shoots an arrow.
The arrow hits you!!
Ouch! That really hurt!
The deep elf archer is engulfed in blazing flames.
The deep elf archer unwields a +1 battleaxe of electrocution.
It stops crackling.
The deep elf archer wields a +0 longbow.
The deep elf archer shoots an arrow.
The arrow hits you!
You die...

▓§§ee§§§§§▓
▓e§§§e§§§§▓
▓...§§(ee§▓
▓....§§§..▓
▓.........▓
▓.........▓
▓.▓.....▓.▓
▓....@....▓
▓▓▓▓▓▓▓▓▓▓▓


You could see 2 deep elf archers, 2 deep elf knights, 2 deep elf zephyrmancers
and a +2 vorpal war axe.

Vanquished Creatures
  A deep elf zephyrmancer (D)
  A deep elf pyromancer (D)
  A naga mage (D)
  A jumping spider (D)
  2 merfolk (D)
  A wind drake (D)
  A tarantella (D)
  A water moccasin (D)
  2 necrophages (D)
  3 centaurs (D)
  3 phantoms (D)
  A bullfrog (D)
  2 scorpions (D)
  2 crimson imps (D)
  An iron imp (D)
  An iguana (D)
  3 mummies (D)
  4 adders (D)
  3 shadow imps (D)
  A white imp (D)
  An ufetubus (D)
  An adder zombie (D)
  An adder skeleton (D)
  A bat zombie (D)
  5 ball pythons (D)
  2 ball python zombies (D)
  A jackal zombie (D)
47 creatures vanquished.

Notes
Turn   | Place    | Note
-------+----------+-------------------------------------------
     0 | D        | mhtbhm the Deep Elf Fire Elementalist began the quest for
                  | the Orb.
     0 | D        | Reached XP level 1. HP: 10/10 MP: 6/6
     0 | D        | Found a blossoming altar of Fedhas.
     1 | D        | Found the +6 Majin-Bo {vamp, MP+6 Int+6}
     1 | D        | Found the +9 heavy crossbow "Sniper" {vorpal, Acc+∞ SInv}
     1 | D        | Found the +10 dark maul {vorpal}
     1 | D        | Found the +15 Maxwell's patent armour {-Cast -Tele rElec
                  | Will+ rCorr}
     1 | D        | Found the +18 shield of the Gong {rElec rN+ Will+ EV-5}
     1 | D        | Found the +14 obsidian axe {vorpal, Drain Fly SInv}
     1 | D        | Found the +7 great mace "Firestarter" {inner flame, rF++}
     1 | D        | Found the +6 shillelagh "Devastator" {shatter}
     1 | D        | Found the +11 plutonium sword {Contam Stlth-}
     1 | D        | Found the +8 lance "Wyrmbane" {slay drac, rPois rF+ rC+
                  | AC+3}
     1 | D        | Found the +9 sword of Zonguldrok {reap}
     1 | D        | Found the +13 scythe of Curses {drain, Drain}
     1 | D        | Found the +5 sword of Power {vorpal}
     1 | D        | Found the +7 mace of Variability {chain chaos}
     1 | D        | Found the +7 Singing Sword {vorpal, sonic wave}
     1 | D        | Found the +8 storm bow {elec, penet}
     1 | D        | Found a shimmering blue altar of Sif Muna.
     1 | D        | Found a sacrificial altar of Ru.
     1 | D        | Found a bloodstained altar of Trog.
     1 | D        | Found a stormy altar of Qazlal.
     1 | D        | Found an iron altar of Okawaru.
     1 | D        | Found a sparkling altar of Nemelex Xobeh.
     3 | D        | Found a transporter.
     3 | D        | Found an ancient bone altar of Kikubaaqudgha.
     3 | D        | Found a viscous altar of Jiyva.
     3 | D        | Found a corrupted altar of Lugonu.
     3 | D        | Found a hazy altar of Hepliaklqana.
     3 | D        | Found a burning altar of Makhleb.
     3 | D        | Found an opulent altar of Gozag.
    52 | D        | Became a worshipper of Vehumet
    65 | D        | Entered arena 2.
    65 | D        | Noticed a bullfrog
    65 | D        | Noticed an iguana
    65 | D        | Found a transporter.
    66 | D        | Killed an iguana
    67 | D        | Reached skill level 5 in Fire Magic
    67 | D        | Reached XP level 2. HP: 14/15 MP: 7/9
    67 | D        | Killed a bullfrog
    68 | D        | Reached skill level 5 in Spellcasting
    68 | D        | Reached skill level 7 in Fire Magic
    68 | D        | Reached XP level 3. HP: 19/19 MP: 8/12
    68 | D        | Reached XP level 4. HP: 24/24 MP: 8/13
    72 | D        | Learned a level 3 spell: Conjure Flame
    76 | D        | Learned a level 3 spell: Inner Flame
    81 | D        | Learned a level 4 spell: Sticky Flame
   209 | D        | Entered arena 3.
   209 | D        | Found a transporter.
   211 | D        | Reached * piety under Vehumet
   211 | D        | Offered knowledge of Freeze by Vehumet.
   212 | D        | Reached skill level 8 in Fire Magic
   213 | D        | Reached ** piety under Vehumet
   214 | D        | Reached skill level 1 in Evocations
   334 | D        | Entered arena 4.
   334 | D        | Noticed a jumping spider
   334 | D        | Noticed a scorpion
   334 | D        | Noticed a tarantella
   334 | D        | Noticed a scorpion
   334 | D        | Found a transporter.
   336 | D        | Killed a scorpion
   336 | D        | Killed a scorpion
   337 | D        | Reached skill level 5 in Dodging
   337 | D        | Reached skill level 5 in Stealth
   337 | D        | Reached skill level 10 in Fire Magic
   337 | D        | Reached XP level 5. HP: 28/28 MP: 14/16
   337 | D        | Killed a tarantella
   338 | D        | Reached skill level 11 in Fire Magic
   338 | D        | Reached XP level 6. HP: 32/32 MP: 14/19
   338 | D        | Killed a jumping spider
   338 | D        | Reached *** piety under Vehumet
   339 | D        | Reached skill level 12 in Fire Magic
   339 | D        | Reached XP level 7. HP: 36/36 MP: 15/21
   345 | D        | Learned a level 5 spell: Fireball
   349 | D        | Got the ring "Jiecsi" {Will+ Int+7 Dex-4 Slay+5 Stlth+}
   377 | D        | Entered arena 5.
   377 | D        | Found a transporter.
   378 | D        | Offered knowledge of Magic Dart by Vehumet.
   380 | D        | Reached skill level 13 in Fire Magic
   380 | D        | Reached **** piety under Vehumet
   386 | D        | Got the amulet "Uqaevivo" {Spirit Will+ Int+3 Stlth-}
   457 | D        | Learned a level 5 spell: Lee's Rapid Deconstruction
   458 | D        | Entered arena 6.
   458 | D        | Found a transporter.
   459 | D        | Reached ***** piety under Vehumet
   580 | D        | Entered arena 7.
   580 | D        | Noticed a merfolk
   580 | D        | Noticed a wind drake
   580 | D        | Noticed a merfolk
   581 | D        | Offered knowledge of Ignite Poison by Vehumet.
   582 | D        | Reached skill level 10 in Spellcasting
   582 | D        | Killed a merfolk
   583 | D        | Reached skill level 14 in Fire Magic
   583 | D        | Reached skill level 5 in Evocations
   583 | D        | Reached XP level 8. HP: 24/41 MP: 16/24
   583 | D        | Killed a merfolk
   584 | D        | Killed a wind drake
   585 | D        | Found a transporter.
   667 | D        | Entered arena 8.
   667 | D        | Noticed a naga mage
   669 | D        | Reached ****** piety under Vehumet
   671 | D        | Killed a naga mage
   672 | D        | Reached skill level 15 in Fire Magic
   672 | D        | Reached XP level 9. HP: 45/45 MP: 12/27
   718 | D        | Found a transporter.
   724 | D        | Got the ring "Sueryzi" {rCorr MP+9 Int-5 SInv}
   737 | D        | Entered arena 9.
   738 | D        | Offered knowledge of Iskenderun's Mystic Blast by Vehumet.
   741 | D        | Found a transporter.
   748 | D        | Got the ring of Law {rPois rF+ Str+4}
   778 | D        | Entered arena 10.
   784 | D        | Found a transporter.
   788 | D        | Reached skill level 5 in Conjurations
   827 | D        | Got the Volume of Unholy Ignition
   840 | D        | Entered arena 11.
   840 | D        | Noticed a deep elf archer
   840 | D        | Noticed a deep elf knight
   840 | D        | Noticed a deep elf zephyrmancer
   840 | D        | Noticed a +2 vorpal war axe
   840 | D        | Noticed a deep elf knight
   840 | D        | Noticed a deep elf pyromancer
   840 | D        | Noticed a deep elf archer
   840 | D        | Noticed a deep elf zephyrmancer
   840 | D        | Noticed a deep elf zephyrmancer
   841 | D        | Identified the +4 rapier of Valuable Assets {vorpal, *Noise
                  | rF+ Int+2 Dex+2}
   841 | D        | Killed a deep elf zephyrmancer
   841 | D        | Killed a deep elf pyromancer
   842 | D        | Reached skill level 16 in Fire Magic
   842 | D        | Shot with an arrow by a deep elf archer

Illustrated notes

Levels and vault maps discovered:
D:        sprint_v [room_start, room_1, room_2, room_3, room_4, room_5, room_6,
          room_7, room_8, room_9, room_10, room_11, room_12, room_13, room_14,
          room_15, room_16, room_17, room_18, room_19, room_20, room_21,
          room_22, room_23, room_24, room_25, room_26, room_27]

Skill      XL: |  1  2  3  4  5  6  7  8  9 |
---------------+----------------------------+-----
Dodging        | 3 4 5 6 7 8 |  8.8
Stealth        | 3 4 5 6 7 8 9 |  9.0
Spellcasting   | 4 5 7 8 9 10 12 13 | 13.3
Fire Magic     | 5 7 10 11 12 14 15 16 | 16.3
Evocations     | 2 3 4 5 6 7 |  7.1
Conjurations   | 2 3 4 5 |  5.8
Polearms       | |  0.4

Action                   |  1- 3 |  4- 6 |  7- 9 || total
-------------------------+-------+-------+-------++-------
Melee: Lance             |       |       |     1 ||     1
 Cast: Fireball          |       |       |    19 ||    19
Evoke: Wand              |     2 |     5 |     1 ||     8
       Lightning rod     |       |     3 |       ||     3
       Condenser vane    |       |       |     2 ||     2
Dodge: Dodged            |       |       |     1 ||     1

Table legend: (Time is in decaauts)
 A = Elapsed time spent in this place.
 B = Non-inter-level travel time spent in this place.
 C = Inter-level travel time spent in this place.
 D = Time resting spent in this place.
 E = Time spent auto-exploring this place.
 F = Levels seen in this place.
 G = Mean time per level.
                   A        B        C        D        E       F      G
               +--------+--------+--------+--------+--------+-----+--------+
         Total |    839 |    839 |      0 |    548 |      0 |   1 |  839.0 |
       Dungeon |    839 |    839 |      0 |    548 |      0 |   1 |  839.0 |
               +--------+--------+--------+--------+--------+-----+--------+

Top non-repeatable levels by time:
       D: 839 daAuts
